 Dungeon Crawl Stone Soup version 0.18-a0-1549-g08f95da (webtiles) character file.

20837 Psiweapon the Cleaver (level 12, -9/111 HPs)
             Began as a Hill Orc Chaos Knight on Mar 11, 2016.
             Mangled by a spark wasp (23 damage)
             ... in a labyrinth.
             The game lasted 01:06:03 (10992 turns).

Psiweapon the Cleaver (Hill Orc Chaos Knight)      Turns: 10992, Time: 01:06:04

Health: -9/111     AC: 13    Str: 17      XL:     12   Next: 83%
Magic:  17/17      EV: 16    Int: 14 (15) God:    Xom [...*..]
Gold:   212        SH:  0    Dex:  7      Spells: 2 memorised, 13 levels left

rFire  . . .     SeeInvis .     L - +2 quarterstaff "Xumes" {crush, +Rage rElec Int+2 Dex-3}
rCold  . . .     Gourm    .     r - +2 leather armour
rNeg   . . .     Faith    .     (shield currently unavailable)
rPois  .         Spirit   .     h - +2 helmet
rElec  +         Dismiss  .     I - +1 cloak
rCorr  .         Reflect  .     (no gloves)
SustAt .         Harm     .     O - +0 pair of boots
MR     .....                    k - amulet of magic regeneration
Stlth  +++.......               n - ring of stealth
                                Q - +3 ring of evasion

@: very slightly contaminated, invisible, not resistant to hostile enchantments,
fairly stealthy
A: rugged brown scales 1, weak 1, MP-powered wands
a: Renounce Religion, Evoke Berserk Rage


You were in a labyrinth.
You worshipped Xom.
You were a favourite toy of Xom.
You were not hungry.

You visited 3 branches of the dungeon, and saw 15 of its levels.
You also visited: Labyrinth and Bailey.

You collected 718 gold pieces.
You spent 506 gold pieces at shops.

Inventory:

Hand Weapons
 a - a +4 battleaxe of flaming
 b - a +3 hunting sling
 H - a +4 quarterstaff of chaos
 L - the +2 quarterstaff "Xumes" (weapon) {crush, +Rage rElec Int+2 Dex-3}
   (You found it on level 7 of the Dungeon)

   It inflicts extra damage upon your enemies.
   It affects your intelligence (+2).
   It affects your dexterity (-3).
   It insulates you from electricity.
   It lets you go berserk.
Missiles
 f - 12 bolts of flame
 g - 2 throwing nets (quivered)
 B - 84 sling bullets
Armour
 h - a +2 helmet (worn)
 r - a +2 leather armour (worn)
 I - a +1 cloak (worn)
 O - a +0 pair of boots (worn)
Jewellery
 k - an amulet of magic regeneration (around neck)
 n - a ring of stealth (right hand)
 D - an uncursed ring of flight
 M - an uncursed ring of see invisible
 P - an uncursed amulet of guardian spirit
 Q - a +3 ring of evasion (left hand)
Wands
 l - a wand of slowing (24/48)
 p - a wand of slowing (27/48)
 t - a wand of enslavement (5/24)
 J - a wand of lightning (9/15)
 K - a wand of paralysis (15/24)
 N - a wand of digging (10/24)
Scrolls
 e - 3 scrolls of identify
 m - 5 scrolls of amnesia
 z - 6 scrolls of remove curse
 W - a scroll of teleportation
Potions
 d - a potion of cancellation {unknown}
 i - a potion of mutation {unknown}
 j - a potion of resistance {unknown}
 u - a potion of agility
 C - a potion of cure mutation
Comestibles
 A - 2 royal jellies
 Z - 5 slices of pizza


   Skills:
 + Level 10.6 Fighting
 - Level 10.8 Axes
 * Level 7.0 Staves
 + Level 2.9 Slings
 + Level 5.2 Armour
 + Level 8.5 Dodging
 + Level 5.4 Stealth
   Level 1.3 Shields
 + Level 1.5 Unarmed Combat
 + Level 3.6 Spellcasting
 + Level 2.4 Conjurations
 + Level 3.3 Fire Magic
 + Level 1.1 Evocations


You had 13 spell levels left.
You knew the following spells:

 Your Spells              Type           Power        Failure   Level  Hunger
a - Conjure Flame         Conj/Fire      ##......     24%         3    ###....
f - Throw Flame           Conj/Fire      ##....       14%         2    ##.....


Dungeon Overview and Level Annotations

Branches:
Dungeon (11/15)            Temple (1/1) D:6            Lair (3/8) D:9
 Shoals (0/4) Lair:3          Orc (0/2) D:10
  Snake: Lair:3-6    Spider: Lair:3-6

Altars:
Ashenzari
Cheibriados
Dithmenos
Elyvilon
Fedhas
Gozag
Makhleb
Nemelex Xobeh
Okawaru
Pakellas
Qazlal
Ru
Sif Muna
Trog
Vehumet
Xom
Yredelemnul
The Shining One

Shops:
D:4 (   D:5 (   D:6 }:   D:10 (

Annotations:
D:8 exclusion: downstairs
Lair:1 exclusions: hydra and 2 more exclusions
Lair:2 exclusion: hydra


Innate Abilities, Weirdness & Mutations

You are partially covered in rugged brown scales (AC +1, +3% HP).
You are weak. (Str -2)
You expend magic power (3 MP) to strengthen your wands.


Message History

The spark wasp closely misses you. x2
There is an open door here.
You sock the spark wasp!
The spark wasp is heavily wounded.
The spark wasp buzzes angrily.
The spark wasp misses you. x2
You sock the spark wasp!
The spark wasp is severely wounded.
The spark wasp closely misses you.
You hit the spark wasp.
The spark wasp is severely wounded.
The spark wasp misses you.
You hit the spark wasp but do no damage.
The spark wasp is severely wounded.
The spark wasp stings you!
* * * LOW HITPOINT WARNING * * *
The spark wasp shocks you. You resist.
* * * LOW HITPOINT WARNING * * *
The spark wasp stings you!!
You die...

# . ## # ##
.## # # #.#
#..# ### #.#
##+### #. #
.... #.⌠..# .
.# #.###
#...⌠+ #..###
# .. +⌠...#
..# #. ..<.#
.## # . .
#'### .. . #.#
#@# ####
#.####y# ###..
#.............
#.#.#........
. . # #.#
#.#####.###.
## . . ... # .
# .## ##.# # .
. . #.#. #. #
### # #


You could see a spark wasp.

Vanquished Creatures
  The ghost of Rosenchrist the Cutter, a novice DsNe of Kikubaaqudgha (D:7)
  A spiny frog (Lair:2)
  A rime drake (Lair:3)
  The ghost of kaze the Insei, a novice OpTm (D:4)
  Prince Ribbit (D:5)
  9 blink frogs (Lair:1)
  2 hogs (D:9)
  4 yaks (Lair:1)
  2 hungry ghosts (D:9)
  A wyvern (Lair:3)
  4 humans (D:7)
  3 hippogriffs
  6 water moccasins
  A porcupine (Lair:1)
  3 orc warriors
  2 ice beasts
  3 phantoms
  A black bear (D:9)
  3 necrophages
  A wolf (Lair:2)
  2 centaurs
  4 crocodiles (Lair:1)
  A gnoll sergeant (D:9)
  2 big kobolds (D:9)
  9 giant frogs
  A wyvern zombie (D:9)
  A scorpion (Lair:1)
  9 killer bees
  An electric eel (Lair:1)
  5 wights (D:10)
  4 howler monkeys
  2 crimson imps
  A giant frog zombie (D:8)
  3 giant frog skeletons
  2 jellies
  A gnoll shaman (D:8)
  5 orc priests
  Crazy Yiuf (D:3)
  Jessica (D:3)
  3 centaur skeletons
  4 iguanas
  9 orc wizards
  6 worker ants
  A sheep (D:9)
  3 hound skeletons
  A worker ant zombie (D:9)
  6 adders
  14 gnolls
  3 river rats (D:9)
  A shadow imp (D:8)
  2 worms
  2 dart slugs
  3 giant geckos
  19 orcs
  4 giant cockroaches
  5 goblins
  6 hobgoblins
  7 jackals (D:5)
  3 quokkas
  A ball python (D:3)
  10 bats
  5 giant newts
  8 kobolds
  A quokka skeleton (D:7)
  9 rats
  A fungus (Lair:1)
242 creatures vanquished.

Vanquished Creatures (collateral kills)
  Maud (D:10)
  2 yaks (Lair:1)
  A human (D:9)
  2 phantoms
  A worker ant (D:9)
  A sheep (D:9)
8 creatures vanquished.

Vanquished Creatures (others)
  An ogre (D:8)
  4 orcs
  11 fungi
  A plant (D:9)
17 creatures vanquished.

Grand Total: 267 creatures vanquished

Notes
Turn   | Place    | Note
--------------------------------------------------------------
     0 | D:1      | Psiweapon the Hill Orc Chaos Knight began the quest for the Orb.
     0 | D:1      | Reached XP level 1. HP: 19/19 MP: 1/1
    70 | D:2      | Reached XP level 2. HP: 20/27 MP: 2/2
   286 | D:3      | Noticed Jessica
   288 | D:3      | XOM: silly message
   296 | D:3      | Killed Jessica
   296 | D:3      | Reached XP level 3. HP: 14/34 MP: 3/3
   627 | D:1      | Reached skill level 5 in Axes
   645 | D:1      | Found a snail-covered altar of Cheibriados.
   704 | D:1      | XOM: 3-stop teleportation journey
   773 | D:2      | Reached skill level 1 in Dodging
   795 | D:2      | Reached XP level 4. HP: 18/41 MP: 4/4
  1036 | D:2      | Found a sparkling altar of Nemelex Xobeh.
  1166 | D:1      | XOM: medium Ice miscast
  1689 | D:2      | Found an iron altar of Okawaru.
  1824 | D:3      | XOM: god gift: 36 gold pieces
  1964 | D:4      | Noticed kaze's ghost (novice OpTm)
  1966 | D:4      | XOM: confuse monster(s)
  2242 | D:4      | Found Lidin's Antique Weapon Emporium.
  2260 | D:4      | Bought a runed battleaxe for 156 gold pieces
  2543 | D:3      | Noticed Crazy Yiuf
  2555 | D:3      | Killed Crazy Yiuf
  2555 | D:3      | Reached XP level 5. HP: 25/47 MP: 5/5
  2828 | D:4      | XOM: confuse monster(s)
  2842 | D:4      | Killed kaze's ghost
  2842 | D:4      | Reached skill level 5 in Fighting
  2842 | D:4      | Reached skill level 1 in Slings
  2842 | D:4      | Reached skill level 1 in Stealth
  2842 | D:4      | Reached XP level 6. HP: 24/56 MP: 6/6
  2871 | D:4      | Noticed a phantom
  2881 | D:4      | XOM: divination: detect creatures
  2890 | D:4      | Killed a phantom
  2890 | D:4      | Reached XP level 7. HP: 35/61 MP: 7/7
  3018 | D:5      | Entered Level 5 of the Dungeon
  3040 | D:5      | Noticed Prince Ribbit
  3047 | D:5      | XOM: potion effect (berserk rage)
  3051 | D:5      | Killed Prince Ribbit
  3051 | D:5      | Reached skill level 1 in Shields
  3160 | D:4      | XOM: vitrification
  3270 | D:7      | Noticed a human
  3272 | D:7      | Got a crystal quarterstaff
  3281 | D:5      | XOM: polymorph orc wizard -> gnoll
  3311 | D:4      | Identified the +2 quarterstaff "Xumes" {crush, +Rage rElec Int+2 Dex-3} (You found it on level 7 of the Dungeon)
  3453 | D:5      | Reached XP level 8. HP: 27/70 MP: 8/8
  3576 | D:5      | XOM: vitrification
  4040 | D:5      | Reached skill level 1 in Staves
  4089 | D:5      | XOM: god gift: gilded ring {god gift}
  4129 | D:5      | XOM: give mutation
  4129 | D:5      | Gained mutation: Your mind is acute. (Int +2) [Xom's grace]
  4406 | D:5      | Found Qazej's Weapon Shop.
  4487 | D:6      | Found an oddly glowing altar of Pakellas.
  4523 | D:6      | XOM: god gift: scroll labeled FUVUGARPH UTYSCH
  4573 | D:6      | XOM: vitrification
  4914 | D:6      | Found Qenar's Gadget Shop.
  5032 | D:6      | XOM: 3-stop teleportation journey
  5181 | D:6      | Found Pugav's Book Emporium.
  5296 | D:5      | XOM: cast spell 'Dragon Form'
  5352 | D:7      | Noticed Rosenchrist's ghost (novice DsNe)
  5353 | D:7      | XOM: 1-stop teleportation journey
  5364 | D:7      | Reached skill level 5 in Dodging
  5365 | D:7      | Reached XP level 9. HP: 75/79 MP: 7/9
  5442 | D:7      | XOM: fog
  5580 | D:7      | XOM: scenery: create altars
  5714 | D:6      | Found a staircase to the Ecumenical Temple.
  5720 | Temple   | Entered the Ecumenical Temple
  5986 | D:8      | XOM: summons 2 friendly demons
  5987 | D:8      | Reached skill level 1 in Unarmed Combat
  6069 | D:8      | XOM: divine lightning (protected)
  6108 | D:9      | Found a stormy altar of Qazlal.
  6125 | D:9      | XOM: summons friendly iron imp
  6262 | D:7      | Killed Rosenchrist's ghost
  6653 | D:7      | Reached XP level 10. HP: 78/88 MP: 10/10
  6717 | D:7      | XOM: god gift: 10 stones
  6779 | D:8      | XOM: 2-stop teleportation journey
  6974 | D:7      | XOM: god gift: 35 gold pieces
  7056 | D:6      | Bought a book of Flames for 350 gold pieces
  7059 | D:6      | Learned a level 2 spell: Throw Flame
  7152 | D:8      | XOM: 2-stop teleportation journey
  7301 | D:9      | XOM: 2-stop teleportation journey
  7303 | D:9      | XOM: divination: detect creatures
  7497 | D:9      | XOM: 2-stop teleportation journey
  7514 | D:9      | XOM: god gift: shiny bone wand {god gift}
  7530 | D:9      | XOM: god gift: 4 meat rations
  7605 | D:9      | XOM: fake destruction
  7606 | D:9      | XOM: divination: detect creatures
  7699 | D:10     | Entered Level 10 of the Dungeon
  7731 | D:10     | Found Qioshrede's Weapon Shoppe.
  7754 | D:10     | Reached skill level 1 in Spellcasting
  7764 | D:10     | Reached skill level 1 in Fire Magic
  7795 | D:10     | Found a flagged portal.
  7800 | D:10     | Noticed Maud
  7801 | Bailey   | Entered a bailey
  7818 | Bailey   | XOM: harmless Pois miscast
  8046 | Bailey   | XOM: cast spell 'Spider Form'
  8054 | D:10     | XOM: destruction
  8072 | D:10     | Killed Maud
  8072 | D:10     | Reached skill level 1 in Conjurations
  8100 | D:10     | Found a staircase to the Orcish Mines.
  8251 | D:11     | XOM: colour smoke trail
  8259 | D:10     | Found a shimmering altar of Xom.
  8363 | D:9      | XOM: vitrification
  8514 | D:9      | Reached XP level 11. HP: 94/99 MP: 12/12
  8515 | D:9      | XOM: summons 4 friendly demons
  8517 | D:9      | XOM: fog
  8648 | D:9      | XOM: mild Necr miscast
  8699 | D:9      | Reached skill level 5 in Armour
  8794 | D:9      | XOM: harmless Fire miscast
  8839 | D:9      | Found a staircase to the Lair.
  8849 | D:9      | Reached skill level 10 in Axes
  8852 | Lair:1   | Entered Level 1 of the Lair of Beasts
  8886 | Lair:1   | Learned a level 3 spell: Conjure Flame
  8983 | Lair:1   | XOM: summons 6 friendly demons
  8999 | Lair:1   | Reached skill level 10 in Fighting
  9277 | Lair:1   | XOM: divination: detect creatures
  9283 | Lair:1   | XOM: harmless Pois miscast
  9345 | Lair:1   | Reached skill level 1 in Evocations
  9427 | Lair:1   | XOM: fog
  9434 | Lair:1   | XOM: cast spell 'Confusing Touch'
  9981 | Lair:1   | XOM: potion effect (might)
 10133 | Lair:1   | Noticed a five-headed hydra
 10363 | Lair:2   | XOM: mild Summ miscast
 10418 | Lair:2   | XOM: god gift: 12 bolts of flame
 10506 | Lair:2   | XOM: vitrification
 10517 | Lair:2   | XOM: stat loss: -1 Int (13/14)
 10541 | Lair:2   | XOM: give mutations
 10541 | Lair:2   | Gained mutation: You are weak. (Str -2) [Xom's mischief]
 10541 | Lair:2   | Gained mutation: You are robust (+10% HP). [Xom's mischief]
 10541 | Lair:2   | Lost mutation: Your mind is acute. (Int +2) [Xom's mischief]
 10541 | Lair:2   | Gained mutation: You have large cloven feet. [Xom's mischief]
 10543 | Lair:2   | Lost mutation: You are weak. (Str -2) [potion of cure mutation]
 10543 | Lair:2   | Lost mutation: You are robust (+10% HP). [potion of cure mutation]
 10543 | Lair:2   | Lost mutation: You have large cloven feet. [potion of cure mutation]
 10615 | Lair:2   | Noticed an eight-headed hydra
 10662 | Lair:3   | XOM: fake destruction
 10663 | Lair:3   | XOM: give mutations
 10663 | Lair:3   | Gained mutation: You are weak. (Str -2) [Xom's mischief]
 10663 | Lair:3   | Gained mutation: You are partially covered in rugged brown scales (AC +1, +3% HP). [Xom's mischief]
 10663 | Lair:3   | Gained mutation: You expend magic power (3 MP) to strengthen your wands. [Xom's mischief]
 10732 | Lair:3   | XOM: potion effect (experience)
 10732 | Lair:3   | Reached skill level 5 in Stealth
 10732 | Lair:3   | Reached XP level 12. HP: 67/111 MP: 13/17
 10745 | Lair:3   | Found a labyrinth entrance.
 10778 | Lair:3   | Found a staircase to the Shoals.
 10797 | Lab      | Entered a labyrinth
 10878 | Lab      | XOM: cast spell 'Ice Form'
 10968 | Lab      | Noticed a minotaur
 10974 | Lab      | Noticed a spark wasp
 10974 | Lab      | a minotaur changed into a spark wasp
 10974 | Lab      | XOM: polymorph minotaur -> spark wasp
 10992 | Lab      | Mangled by a spark wasp

Vault maps used:
D:1:      onia_arrival_pyramid, minmay_stone_trees_medium, cheibriados_altar_1
D:2:      zin_purify, marbit_many_paths, nemelex_spade_bored_becter
D:3:      first_bread, uniq_crazy_yiuf_cottage, uniq_jessica
D:4:      serial_shops, shop
D:5:      kennysheep_vampire_church, serial_shops, nicolae_shop_window_shopping,
          minmay_misc_feat_columns, uniq_prince_ribbit1
D:6:      minmay_temple_entry_from_below_a, serial_shops, shop_coins,
          kennysheep_mini, grunt_pakellas_mercury
D:7:      minmay_ruffians
D:8:      kennysheep_orc_sif_temple
D:9:      nicolae_overflow_crystal_walls, grunt_lair_entry_orc_guard_hut,
          grunt_livestock
D:10:     orc_0_dummy, enter_bailey_2, serial_shops, shop, xom_teletrap_fun,
          uniq_maud
Temple:   lightli_temple_of_artemis
Lair:1:   serial_bayou_shore_a
Lair:2:   grunt_megastairs_4, infiniplex_staircase_pool_2
Lair:3:   shoals_dummy_entry, lab_entry_generic, beast_lair_carwin_7, uniq_urug
Lab:      labyrinth_hidden_loot
Bailey:   bailey_polearm_5, bailey

Skill      XL: |  1  2  3  4  5  6  7  8  9 10 11 |
---------------+----------------------------------+-----
Fighting       | 4 5 7 8 9 10 | 10.6
Axes           | 5 6 7 8 9 10 | 10.8
Dodging        | 1 2 3 5 6 7 8 |  8.5
Slings         | 1 2 |  2.9
Armour         | 3 4 5 |  5.2
Stealth        | 1 2 3 5 |  5.4
Shields        | 1 |  1.3
Staves         | 2 3 4 7 |  7.0
Unarmed Combat | 1 |  1.5
Spellcasting   | 1 3 |  3.6
Fire Magic     | 2 3 |  3.3
Conjurations   | 1 2 |  2.4
Evocations     | 1 |  1.1

Action                   |  1- 3 |  4- 6 |  7- 9 | 10-12 || total
-------------------------+-------+-------+-------+-------++-------
Melee: Hand axe          |    65 |    22 |       |       ||    87
       Battleaxe         |       |    39 |   122 |   241 ||   402
       Quarterstaff      |       |     9 |   123 |    96 ||   228
       Unarmed           |       |       |    18 |     5 ||    23
 Fire: Hunting sling     |       |    15 |     2 |    15 ||    32
Throw: Stone             |       |       |     2 |       ||     2
 Cast: Throw Flame       |       |       |       |    37 ||    37
       Conjure Flame     |       |       |       |     5 ||     5
Evoke: Wand              |       |       |       |     6 ||     6
  Use: Scroll            |       |     2 |     4 |     8 ||    14
       Potion            |       |       |     3 |     6 ||     9
 Stab: Paralysed         |     5 |       |       |     3 ||     8
       Confused          |       |     2 |       |       ||     2
       Sleeping          |       |       |     1 |     3 ||     4
  Eat: Chunk             |       |     5 |     8 |    11 ||    24
       Fruit             |       |     1 |       |     2 ||     3
       Beef jerky        |       |       |     1 |     1 ||     2
       Pizza             |       |       |     2 |     3 ||     5
       Meat ration       |       |       |       |     1 ||     1
